 Dungeon Crawl Stone Soup version 0.24.0-13-gcf9b319 (webtiles) character file.

Game seed: 15159681440998197471, levelgen mode: deterministic

170 Bronimir the Poker (level 5, -1/39 HPs)
             Began as a Demonspawn Gladiator on Mar 30, 2020.
             Was a Follower of Makhleb.
             Killed by divine providence
             ... invoked by an orc priest
              (12 damage)
             ... on level 3 of the Dungeon.
             The game lasted 00:05:08 (2917 turns).

Bronimir the Poker (Demonspawn Gladiator)           Turns: 2917, Time: 00:05:09

Health: -1/39      AC:  5    Str: 16    XL:     5   Next: 26%
Magic:  6/6        EV: 13    Int:  9    God:    Makhleb [*.....]
Gold:   53         SH:  0    Dex: 14    Spells: 4/4 levels left

rFire    . . .     SeeInvis +   a - +0 trident
rCold    . . .     Gourm    .   (no shield)
rNeg     . . .     Faith    .   b - +0 leather armour
rPois    .         Spirit   .   (helmet restricted)
rElec    .         Reflect  .   (no cloak)
rCorr    .         Harm     .   r - +0 pair of gloves
MR       .....                  (no boots)
Stlth    +.........             (no amulet)
HPRegen  0.13/turn              e - ring of see invisible
MPRegen  0.10/turn              (no ring)

@: no status effects
A: antennae 1, rugged brown scales 1, demonic guardian 1
a: Renounce Religion


You were on level 3 of the Dungeon.
You worshipped Makhleb.
Makhleb was aware of your devotion.
You were hungry.

You visited 1 branch of the dungeon, and saw 3 of its levels.

You collected 53 gold pieces.

Inventory:

Hand Weapons
 a - a +0 trident (weapon)
 w - a +0 spear
Missiles
 d - 5 throwing nets (quivered)
 h - 67 stones
 i - 37 sling bullets
 p - 65 arrows
Armour
 b - a +0 leather armour (worn)
 c - a +0 helmet
 l - a +0 pair of gloves
 r - a +0 pair of gloves (worn)
Jewellery
 e - a ring of see invisible (left hand)
Scrolls
 j - a scroll of amnesia {unknown}
 k - a scroll of immolation {unknown}
 m - 2 scrolls of remove curse {unknown}
 n - 3 scrolls of identify {unknown}
 o - a scroll of fog {unknown}
 v - 2 scrolls of teleportation {unknown}
Potions
 g - a potion of degeneration {unknown}
 q - 3 potions of haste {unknown}
 s - 2 potions of berserk rage {unknown}
 t - a potion of lignification {unknown}
 x - a potion of curing {unknown}
Comestibles
 f - 6 rations


   Skills:
 + Level 2.2 Fighting
 * Level 4.3 Polearms
 + Level 1.8 Throwing
 * Level 2.0 Armour
 + Level 3.0 Dodging
 * Level 2.0 Invocations


You had 4 spell levels left.
You didn't know any spells.
Your spell library was empty.

Dungeon Overview and Level Annotations

Branches:
Dungeon (3/15)

Altars:
Makhleb


Innate Abilities, Weirdness & Mutations

You have a pair of small antennae on your head.
You are partially covered in rugged brown scales. (AC +1, +3% HP)
A weak demonic guardian rushes to your aid.


Message History

You completely miss the orc priest.
The orc priest is heavily wounded.
Your ufetubus barely misses the orc priest.
Your ufetubus hits the orc priest. The orc closely misses you.
The orc priest closely misses you. The orc priest completely misses you.
Your ufetubus hits the orc priest but does no damage. x2
Your ufetubus hits the orc priest but does no damage. x2
The orc priest hits your ufetubus but does no damage.
The orc priest barely misses your ufetubus.
Your white imp closely misses the orc priest.
Your ufetubus hits the orc priest but does no damage. x2
Your ufetubus hits the orc priest.
Your ufetubus hits the orc priest but does no damage.
There is a stone staircase leading up here.
Your ufetubus hits the orc priest.
Your ufetubus barely misses the orc priest.
The orc priest completely misses your ufetubus.
The orc priest invokes the aid of Beogh against you.
Beogh smites you!
You die...

......#.#
#.##.#.#.#.#.#.#....
......#.#
#.##.#.#............
......#..
#.##.#.###.....##...
......#..#
#.##.#.......####...
......#..# #.##..)......#
#... ......#...
#>##.........#######
......#.#.####.##...........#
#
......#...........55......#.#
#
#######..#.###.#@oo.......#.#
# #.###o...#####5# #.# #....#
#.##### #.# #....# #...55.
#.# ###### ####### ..# .o...
.. ....o ..... ....o


You could see 2 orc priests, an orc, a friendly white imp and a friendly
ufetubus.

Vanquished Creatures
  Jessica (D:3)
  5 adders (D:2)
  An ooze (D:1)
  3 dart slugs
  2 worms (D:2)
  2 leopard geckos
  4 orcs (D:3)
  3 giant cockroaches
  3 goblins
  3 hobgoblins
  2 jackals (D:1)
  3 kobolds (D:1)
  5 bats
  2 frilled lizards
  10 rats
49 creatures vanquished.

Vanquished Creatures (collateral kills)
  An orc priest (D:3)
  Terence (D:2)
2 creatures vanquished.

Grand Total: 51 creatures vanquished

Notes
Turn   | Place    | Note
-------+----------+-------------------------------------------
     0 | D:1      | Bronimir the Demonspawn Gladiator began the quest for the
                  | Orb.
     0 | D:1      | Reached XP level 1. HP: 16/16 MP: 1/1
   132 | D:1      | Gained mutation: You have a pair of small antennae on your
                  | head. [demonic ancestry]
   132 | D:1      | Reached XP level 2. HP: 6/22 MP: 2/2
   133 | D:1      | Reached skill level 3 in Polearms
   534 | D:1      | Reached skill level 1 in Armour
   764 | D:2      | Found a burning altar of Makhleb.
   771 | D:2      | Became a worshipper of Makhleb the Destroyer
   801 | D:2      | Gained mutation: A weak demonic guardian rushes to your
                  | aid. [demonic ancestry]
   801 | D:2      | Reached XP level 3. HP: 21/27 MP: 3/3
  1107 | D:2      | Reached skill level 1 in Invocations
  1436 | D:2      | Noticed Terence
  1444 | D:2      | Killed Terence
  1444 | D:2      | Gained mutation: You are partially covered in rugged brown
                  | scales. (AC +1, +3% HP) [demonic ancestry]
  1444 | D:2      | Reached XP level 4. HP: 19/33 MP: 3/5
  2268 | D:3      | Reached skill level 4 in Polearms
  2275 | D:3      | Reached XP level 5. HP: 28/39 MP: 6/6
  2402 | D:3      | Reached * piety under Makhleb
  2460 | D:3      | Noticed Jessica
  2464 | D:3      | Killed Jessica
  2917 | D:3      | Killed from afar by an orc priest

Levels and vault maps discovered:
D:1:      nicolae_arrival_memento_mori, layout_rooms
D:2:      layout_basic, bloody_makhleb, uniq_terence
D:3:      layout_basic, lemuel_doored_altar, first_ration, uniq_jessica

Skill      XL: |  1  2  3  4  5 |
---------------+----------------+-----
Polearms       | 3 4 |  4.3
Armour         | 1 2 |  2.0
Invocations    | 1 2 |  2.0
Dodging        | 3 |  3.0
Fighting       | |  2.2
Throwing       | |  1.8

Action                   |  1- 3 |  4- 6 || total
-------------------------+-------+-------++-------
Melee: Trident           |   104 |   111 ||   215
 Stab: Sleeping          |       |     1 ||     1
  Eat: Chunk             |     2 |     4 ||     6
Armor: Leather armour    |    14 |    25 ||    39
Dodge: Dodged            |    65 |    75 ||   140
